 Dungeon Crawl Stone Soup version 0.31-a0-799-g6bc09d010c (webtiles) character file.

Game seed: 1277303399480333331

5 cforsyth the Sneak (level 1, 0/20 HPs)
             Began as a Djinni Delver on Sept 20, 2023.
             Slain by a jelly (3 damage)
             ... on level 5 of the Dungeon.
             The game lasted 00:00:21 (77 turns).

cforsyth the Sneak (Djinni Delver)                    Turns: 77, Time: 00:00:21

Health: 0/20       AC: -1    Str: 11    XL:     1   Next: 88%
Gold:   0          EV: 12    Int: 11    God:
                   SH:  0    Dex: 14

rFire   + + +        a - +0 falchion
rCold   . . .        (no shield)
rNeg    . . .        b - +0 leather armour
rPois   ∞            (no helmet)
rElec   +            (no cloak)
rCorr   +            (no gloves)
SInv    .            (boots unavailable)
Will    .....        (no amulet)
Stlth   ++           (no ring)
HPRegen 0.23/turn    (no ring)
MPRegen 0.00/turn

%: infuse magic (-1 HP)
@: resistant, corroded, flying
A: sickness immunity, fire resistance 2, cold vulnerability 1, float, innate
caster, HP casting, extra vitality 1
a: no special abilities


You were on level 5 of the Dungeon.
You visited 1 branch of the dungeon, and saw 1 of its levels.

Inventory:

Hand Weapons
 a - a +0 falchion (weapon)
Armour
 b - a +0 leather armour (worn)
Wands
 g - a wand of digging (3)
Scrolls
 c - a scroll of fog
 d - a scroll of revelation
 e - a scroll of fear
Potions
 f - a potion of haste
 h - a potion of resistance


   Skills:
 + Level 3.1 Fighting
 - Level 1.7 Long Blades
 - Level 2.1 Dodging
 - Level 4.1 Stealth
 + Level 0.4 Spellcasting
 + Level 0.4 Conjurations
 + Level 0.4 Hexes
   Level 0.0 Charms
 + Level 0.4 Summonings
 + Level 0.4 Necromancy
 + Level 0.4 Translocations
 + Level 0.4 Transmutations
 + Level 0.4 Fire Magic
 + Level 0.4 Ice Magic
 + Level 0.4 Air Magic
 + Level 0.4 Earth Magic
 + Level 0.4 Poison Magic You didn't know any spells. Your spell library was empty.

Dungeon Overview and Level Annotations

Branches:
Dungeon (5/15)
 Temple: D:4-7

Altars:

Shops:
D:5 (


Innate Abilities, Weirdness & Mutations

You are immune to sickness and miasma.
You are immune to poison.
Your flesh is very heat resistant. (rF++)
You are vulnerable to cold. (rC-)
You float through the air rather than walking.
You learn spells naturally, not from books.
Your magical power is your life essence.
You have superior vitality. (+4 MHP)


Message History

An ufetubus comes into view.
The ufetubus shouts!
You see here a scroll labelled ZYMECW BAD NIS.
An ufetubus is nearby!
i - a scroll labelled ZYMECW BAD NIS A jelly comes into view.
The ufetubus hits you but does no damage.
The ufetubus barely misses you. The ufetubus hits you.
The ufetubus hits you but does no damage.
A black bear comes into view.
The black bear growls angrily.
The jelly quivers.
You slash the ufetubus!
You kill the ufetubus!
An orc comes into view. It is wielding a +0 hand axe.
The orc moves out of view.
You hit the black bear but do no damage.
The jelly hits you but does no damage. The black bear barely misses you.
The black bear claws you but does no damage.
The black bear claws you.
You completely miss the black bear. The jelly closely misses you.
The black bear misses you. The black bear claws you. x2
You barely miss the black bear. The jelly closely misses you.
The black bear barely misses you. The black bear claws you.
The black bear barely misses you. The jelly closely misses you.
As you read the scroll labelled ZYMECW BAD NIS, it crumbles to dust.
The creatures around you are filled with an inner flame!
It was a scroll of immolation.
The jelly hits you. The acid corrodes you!
You are splashed with acid.
* * * LOW HITPOINT WARNING * * *
It was a potion of resistance.
You feel protected. The jelly closely misses you.
You hit the jelly.
Flame seeps out of the jelly.
Your hands burn!
* * * LOW HITPOINT WARNING * * *
The jelly is lightly wounded.
The jelly is engulfed in blazing flames.
Flame seeps out of the jelly.
The jelly hits you.
You die...

#..# ### #.# ## #..#.####
#.. .>. .. .... ....##.#
#.# #) ## ##..# #..##.#
#.# #. .. ...#
#..##.###.####: .##.##..#
##..............
........###...##.###.####.
........##.#.#.#.# #.# #.
###.##.hJ@..(....# #.# #.
#.###.#.#.### #.# #. #.
##...## #.# #. #. ##.##
#.# #. .. .>.# #.# #. ##
##### #.# #. #. #. ##.


You could see a black bear (inner flame) and a jelly (inner flame).

Vanquished Creatures
  An ufetubus (D:5)
1 creature vanquished.

Notes
Turn   | Place    | Note
-------+----------+-------------------------------------------
     0 | D:5      | cforsyth the Djinni Delver began the quest for the Orb.
     0 | D:5      | Reached XP level 1. HP: 20/20 MP: 0/0
    65 | D:5      | Noticed a jelly
    66 | D:5      | Noticed a black bear
    77 | D:5      | Slain by a jelly

Illustrated notes

Levels and vault maps discovered:
D:5:      layout_loops_ring, serial_shops, shop

Action                     || total
---------------------------++-------
  Melee: Falchion          ||     5
    Use: Scroll            ||     1
         Potion            ||     1
 Armour: Leather armour    ||    11
  Dodge: Dodged            ||     9

Table legend: (Time is in decaauts)
 A = Elapsed time spent in this place.
 B = Non-inter-level travel time spent in this place.
 C = Inter-level travel time spent in this place.
 D = Time resting spent in this place.
 E = Time spent auto-exploring this place.
 F = Levels seen in this place.
 G = Mean time per level.
                   A        B        C        D        E       F      G
               +--------+--------+--------+--------+--------+-----+--------+
         Total |     77 |     77 |      0 |      0 |     54 |   1 |   77.0 |
       Dungeon |     77 |     77 |      0 |      0 |     54 |   1 |   77.0 |
               +--------+--------+--------+--------+--------+-----+--------+

Top non-repeatable levels by time:
     D:5: 77 daAuts
